 Dungeon Sprint DCSS version 0.23.2-1-ga50397a (webtiles) character file.

Game seed: 9898642264008133823

75 wilfster70 the Poker (level 4, -1/44 HPs)
             Began as a Minotaur Fighter on May 24, 2019.
             Was a Follower of Cheibriados.
             Killed from afar by a purple draconian (24 damage)
             ... with a bolt of dispelling energy
             ... in the Dungeon (Sprint V: "Ziggurat Sprint").
             The game lasted 00:01:56 (131 turns).

wilfster70 the Poker (Minotaur Fighter)              Turns: 131, Time: 00:01:57

Health: -1/44      AC: 26    Str: 36    XL:     4   Next: 11%
Magic:  5/5        EV:  1    Int:  7    God:    Cheibriados [*.....]
Gold:   0          SH: 29    Dex: 11    Spells: 3/3 levels left

rFire    + + .     SeeInvis .   a - +8 lance "Wyrmbane" {slay drac, rPois rF+ rC+ AC+3}
rCold    + + .     Gourm    .   b - +18 shield of the Gong {rElec rN+ MR+ EV-5}
rNeg     + . .     Faith    .   l - +5 gold dragon scales
rPois    +         Spirit   .   (helmet restricted)
rElec    +         Reflect  .   (no cloak)
rCorr    .         Harm     .   c - +2 pair of gloves {archery}
MR       +....     NoTele   +   (no boots)
Stlth    ..........             (no amulet)
HPRegen  0.14/turn              C - +6 ring of strength
MPRegen  0.09/turn              D - +6 ring of strength

@: very slow
A: retaliatory headbutt, horns 2
a: Bend Time, Renounce Religion


You were in the Dungeon.
You worshipped Cheibriados.
Cheibriados was aware of your devotion.
You were not hungry.

You visited 1 branch

Inventory:

Hand Weapons
 a - the +8 lance "Wyrmbane" (weapon) {slay drac, rPois rF+ rC+ AC+3}
   (You found it in the Dungeon)

   It affects your AC (+3).
   It protects you from fire.
   It protects you from cold.
   It protects you from poison.
Armour
 b - the +18 shield of the Gong (worn) {rElec rN+ MR+ EV-5}
   (You found it in the Dungeon)

   It affects your evasion (-5).
   It insulates you from electricity.
   It protects you from negative energy.
   It affects your resistance to hostile enchantments.
 c - a +2 pair of gloves of archery (worn)
 l - +5 gold dragon scales (worn)
Jewellery
 C - a +6 ring of strength (left hand)
 D - a +6 ring of strength (right hand)
Wands
 v - a wand of disintegration (7)
 w - a wand of iceblast (7)
 x - a wand of acid (7)
Scrolls
 k - 4 scrolls of blinking
 p - 4 scrolls of amnesia
 q - 7 scrolls of fog
 r - a scroll of holy word
 s - 5 scrolls of identify
 t - 5 scrolls of remove curse
 u - 2 scrolls of fear
Potions
 d - 6 potions of might
 e - 10 potions of curing
 g - 10 potions of heal wounds
 h - 2 potions of brilliance
 i - 7 potions of magic
 j - 2 potions of invisibility
 m - 4 potions of resistance
 o - 5 potions of agility
Comestibles
 f - 7 rations


   Skills:
 + Level 5.7 Fighting
 * Level 6.6 Polearms
 + Level 5.6 Armour
 + Level 3.6 Dodging
 + Level 5.6 Shields
 + Level 3.2 Invocations


You had 3 spell levels left.
You didn't know any spells.
Your spell library was empty.

Dungeon Overview and Level Annotations

Branches:
Dungeon (1/1)

Altars:
Ashenzari
Cheibriados
Dithmenos
Elyvilon
Fedhas
Gozag
Hepliaklqana
Kikubaaqudgha
Makhleb
Nemelex Xobeh
Okawaru
Qazlal
Ru
Sif Muna
Trog
Uskayaw
Vehumet
Wu Jian
Xom
Yredelemnul
Zin
The Shining One
Beogh
Jiyva
Lugonu

Annotations:
D 1 transporter


Innate Abilities, Weirdness & Mutations

You reflexively headbutt those who attack you in melee.
You have a pair of horns on your head.


Message History

You hit the purple draconian but do no damage.
The purple draconian convulses!
The purple draconian is heavily wounded.
You block the shadow imp's attack.
GONNNNG!
You hit the purple draconian but do no damage.
The purple draconian convulses!
Your headbutt misses the purple draconian.
The purple draconian is heavily wounded.
You block the purple draconian's attack.
GONNNNG!
You block the shadow imp's attack.
BOUMMMMG!
Your gold dragon scales prevents you from hitting the purple draconian.
You headbutt the purple draconian.
The purple draconian is heavily wounded.
The purple draconian breathes dispelling energy at you.
The bolt of dispelling energy hits you!!
Ouch! That really hurt!
You die...

▓▓▓▓▓▓▓▓▓▓▓▓▓
▓.8©8.▓.8©8.▓
▓.=|[.▓.....▓
▓.....▓.[...▓
▓.....▓.....▓
▓.5d..▓.[)..▓
▓..@..▓..©..▓
▓..©..▓▓▓▓▓▓▓
▓▓▓▓▓▓▓


You could see a purple draconian and a shadow imp.

Vanquished Creatures
  A crimson imp (D)
  An orc wizard (D)
  An orc (D)
3 creatures vanquished.

Notes
Turn   | Place    | Note
-------+----------+-------------------------------------------
     0 | D        | Found the +6 Majin-Bo {vamp, Archmagi MP+6 Int+6}
     0 | D        | Found the +7 great mace "Firestarter" {inner flame, rF++}
     0 | D        | wilfster70 the Minotaur Fighter began the quest for the
                  | Orb.
     0 | D        | Reached XP level 1. HP: 19/19 MP: 0/0
    15 | D        | Found a blossoming altar of Fedhas.
    17 | D        | Found an opulent altar of Gozag.
    17 | D        | Found a hazy altar of Hepliaklqana.
    17 | D        | Found a viscous altar of Jiyva.
    17 | D        | Found a transporter.
    19 | D        | Became a worshipper of Cheibriados the Contemplative
    21 | D        | Found an ancient bone altar of Kikubaaqudgha.
    25 | D        | Found a corrupted altar of Lugonu.
    31 | D        | Found a deep blue altar of Sif Muna.
    31 | D        | Found a sacrificial altar of Ru.
    31 | D        | Found a bloodstained altar of Trog.
    31 | D        | Found a stormy altar of Qazlal.
    31 | D        | Found an iron altar of Okawaru.
    31 | D        | Found a sparkling altar of Nemelex Xobeh.
    33 | D        | Found a burning altar of Makhleb.
    64 | D        | Found the +9 heavy crossbow "Sniper" {velocity, Acc+∞ SInv}
    64 | D        | Found the +10 dark maul {crush}
    64 | D        | Found the +15 Maxwell's patent armour {-Cast -Tele rElec
                  | MR+ rCorr}
    64 | D        | Found the +18 shield of the Gong {rElec rN+ MR+ EV-5}
    64 | D        | Found the cursed +14 obsidian axe {chop, +Fly SInv *Curse}
    71 | D        | Found the +6 shillelagh "Devastator" {shatter}
    71 | D        | Found the +11 plutonium sword {*Contam Stlth-}
    71 | D        | Found the +8 lance "Wyrmbane" {slay drac, rPois rF+ rC+
                  | AC+3}
    71 | D        | Found the +9 sword of Zonguldrok {reap}
    71 | D        | Found the cursed +13 scythe of Curses {drain, *Curse}
    71 | D        | Found the +0 sword of Power
    71 | D        | Found the +7 mace of Variability {chain chaos}
    71 | D        | Found the +7 Singing Sword {slice, sonic wave}
    71 | D        | Found the +7 longbow "Piercer" {penet, EV-2}
    74 | D        | Reached skill level 5 in Polearms
    74 | D        | Reached XP level 2. HP: 28/28 MP: 0/2
    79 | D        | Entered arena 2.
    79 | D        | Found a transporter.
    81 | D        | Reached skill level 5 in Fighting
    81 | D        | Reached skill level 6 in Polearms
    81 | D        | Reached skill level 5 in Armour
    81 | D        | Reached skill level 5 in Shields
    81 | D        | Reached XP level 3. HP: 36/36 MP: 0/4
   120 | D        | Entered arena 3.
   120 | D        | Noticed a purple draconian
   120 | D        | Found a transporter.
   123 | D        | Reached * piety under Cheibriados
   123 | D        | Reached XP level 4. HP: 44/44 MP: 5/5
   131 | D        | Killed from afar by a purple draconian

Skill      XL: |  1  2  3 |
---------------+----------+-----
Fighting       | 4 5 |  5.7
Polearms       | 5 6 |  6.6
Armour         | 4 5 |  5.6
Dodging        | 2 3 |  3.6
Shields        | 4 5 |  5.6
Invocations    | 2 3 |  3.2

Action                   |  1- 3 |  4- 6 || total
-------------------------+-------+-------++-------
Melee: Lance             |     5 |     8 ||    13
       Headbutt          |       |     4 ||     4
  Use: Potion            |     1 |       ||     1
Armor: Gold dragon scale |       |     1 ||     1
Block: Shield            |     1 |     7 ||     8
